Sharks vs Stars
Created - February 1, 2020 at 19:31
Goals
|
Sharks |
1 |
0 |
2 |
0 |
0 |
3 |
Stars |
2 |
0 |
1 |
0 |
2 |
4 |
|
Shots
|
Sharks |
15 |
6 |
3 |
0 |
2 |
24 |
Stars |
10 |
8 |
9 |
1 |
2 |
28 |
|
1st period
1. Stars , Brian Lee 5 (Ian White 15, John Tavares 28) at 12:09 (PP)
2. Stars , John Tavares 19 (Michael Grabner 21, Ian White 16) at 18:10 (PP)
3. Sharks , Martins Karsums 9 (Milan Michalek 19, T.J. Hensick 4) at 19:14
Penalties :
Drew Doughty (SJS) for Holding (Minor) at 2:48, Alexander Frolov (Dal) for Interference (Minor) at 8:50, Matt Corrente (SJS) for Interference (Minor) at 11:52, Brian Lee (Dal) for Interference (Minor) at 15:33, Zach Boychuk (SJS) for Tripping (Minor) at 17:56
2nd period
No Goal
Penalties :
Matt Corrente (SJS) for Hooking (Minor) at 0:35, Stefan Ruzicka (SJS) for Interference (Minor) at 7:12, Ben Lovejoy (SJS) for Roughing (Minor) at 19:58
3rd period
4. Stars , Guillaume Latendresse 16 (John Tavares 29) at 0:47 (PP)
5. Sharks , T.J. Hensick 6 (Unassisted) at 2:22
6. Sharks , Jason Spezza 22 (Drew Doughty 42) at 3:01 (SH)
Penalties :
Bobby Butler (SJS) for Interference (Minor) at 2:47, T.J. Hensick (SJS) for Tripping (Minor) at 6:27, Guillaume Latendresse (Dal) for High sticking (Minor) at 6:30
Overtime #1
No Goal
Penalties :
Brian Lee (Dal) for Hooking (Minor) at 0:26
Shootout
Sharks, Jason Spezza - Stopped by Cory Schneider
Stars, John Tavares - Goal!
Sharks, Mike Cammalleri - Shot Misses the Net
Stars, Guillaume Latendresse - Goal!
Penalties :
No Penalty
Goalie Stats
Ryan Miller (SJS), 25 saves from 28 shots - (0.893), OTL, 15-13-4, 65:00 minutes
Cory Schneider (Dal), 21 saves from 24 shots - (0.875), W, 23-10-1, 65:00 minutes
Players Stats for Sharks
Player Name G A P +/- PIM S H SB GA TA FO MP PP MP PK MP
------------------------------------------------------------------------------------
Adam Larsson 0 0 0 1 0 1 1 2 1 0 0/0 14:19 0:00 3:51
Alec Martinez 0 0 0 0 0 0 0 0 0 0 0/0 8:23 0:03 0:19
Andrej Sekera 0 0 0 0 0 1 1 3 0 2 0/0 23:21 2:03 3:51
Ben Lovejoy 0 0 0 2 2 1 1 0 0 0 0/0 25:48 1:58 4:39
Bobby Butler 0 0 0 0 2 0 0 1 0 0 0/0 17:13 2:07 0:00
David Rundblad 0 0 0 0 0 0 2 1 0 0 0/0 14:17 0:00 0:00
Drew Doughty 0 1 1 2 2 1 0 4 2 0 0/0 29:59 1:58 4:22
Jason Spezza 1 0 1 1 0 7 4 2 1 1 24/40 27:43 2:07 5:13
Jiri Tlusty 0 0 0 0 0 0 0 0 0 0 0/0 5:40 0:00 0:00
Luke Adam 0 0 0 0 0 0 2 0 0 0 2/6 13:11 1:51 0:00
Martins Karsums 1 0 1 2 0 7 1 1 1 0 0/0 14:37 1:51 0:00
Matt Corrente 0 0 0 1 4 0 1 0 0 0 0/0 14:21 2:00 1:36
Mike Cammalleri 0 0 0 1 0 5 0 2 0 1 0/0 25:49 2:07 5:30
Milan Michalek 0 1 1 1 0 0 1 0 0 0 2/2 19:56 1:54 3:26
Oskar Osala 0 0 0 0 0 0 0 0 0 0 0/0 14:52 0:00 0:23
Stefan Ruzicka 0 0 0 0 2 1 0 0 0 0 0/0 13:45 0:00 0:47
T.J. Hensick 1 1 2 2 2 0 3 0 0 1 5/13 16:28 0:03 3:19
Zach Boychuk 0 0 0 0 2 0 0 0 0 0 0/2 8:54 0:03 0:00
Players Stats for Stars
Player Name G A P +/- PIM S H SB GA TA FO MP PP MP PK MP
------------------------------------------------------------------------------------
Alex Chiasson 0 0 0 0 0 1 2 0 0 0 1/1 14:56 3:46 0:00
Alexander Frolov 0 0 0 0 2 5 2 0 0 1 0/0 15:15 0:00 0:10
Andrej Sustr 0 0 0 0 0 0 0 1 0 0 0/0 15:23 0:00 2:33
Antoine Vermette 0 0 0 0 0 1 2 0 0 0 4/11 17:30 3:46 1:14
B.J. Crombeen 0 0 0 0 0 5 0 0 0 0 0/0 11:20 0:00 0:00
Boris Valabik 0 0 0 -1 0 1 0 1 1 0 0/0 21:04 3:32 2:13
Brian Lee 1 0 1 -2 4 3 0 1 0 2 0/0 27:44 5:47 1:14
Cam Atkinson 0 0 0 0 0 0 2 0 0 0 0/0 7:45 0:00 0:00
Cory Emmerton 0 0 0 0 0 2 1 0 0 0 6/11 14:26 0:00 1:21
Evgeny Grachev 0 0 0 0 0 0 0 0 0 0 0/2 7:45 0:00 0:00
Guillaume Latendresse 1 0 1 -3 2 1 2 0 0 0 1/2 23:43 5:32 2:33
Ian White 0 2 2 -2 0 0 2 2 0 2 0/0 29:30 5:47 3:44
John Tavares 1 2 3 -3 0 2 3 0 2 0 16/34 25:00 5:33 3:11
Johnny Oduya 0 0 0 -1 0 1 0 1 1 0 0/0 21:05 3:32 2:13
Jussi Jokinen 0 0 0 0 0 3 4 1 0 0 1/1 17:29 3:46 1:32
Michael Grabner 0 1 1 -3 0 2 1 0 1 0 0/0 18:59 5:33 0:00
Niklas Hjalmarsson 0 0 0 0 0 1 0 1 0 0 0/0 13:31 0:00 0:03
Ted Purcell 0 0 0 0 0 0 0 0 0 0 1/1 9:34 0:00 0:00
3 Stars
1 - T.J. Hensick (SJS)
2 - Jason Spezza (SJS)
3 - John Tavares (Dal)
Power Play
Sharks - 0 on 5 Attempt(s) - 0.00%
Stars - 3 on 7 Attempt(s) - 42.86%
Penalty Kill
Sharks - 4 on 7 Attempt(s) - 57.14%
- Score 1 goal in Penalty Kill
Stars - 5 on 5 Attempt(s) - 100.00%
- Score 0 goal in Penalty Kill
Team Stat
Sharks - Hits : 17 - Faceoff Wins : 33 - Blocked Shots : 16 - Penalty Minutes : 16
Stars - Hits : 21 - Faceoff Wins : 30 - Blocked Shots : 8 - Penalty Minutes : 8
Official
Referees : Unknown
Linesman : Unknown
Game Notes
5:46 of 2nd period - Penalty Shot by Johnny Oduya for Stars - Stopped by Ryan Miller
2:22 of 3rd period - Penalty Shot by T.J. Hensick for Sharks - Goal!
Finance
Level 1 -- Attendance: 5621 (93.68%) -- Ticket Income $590,205
Level 2 -- Attendance: 4387 (87.74%) -- Ticket Income $298,316
Level 3 -- Attendance: 2000 (100.00%) -- Ticket Income $76,000
Level 4 -- Attendance: 2908 (72.70%) -- Ticket Income $95,964
Luxury Box -- Attendance: 968 (96.80%) -- Ticket Income $179,080
Game was played at the American Airlines Center.
Total Attendance: 15884 (88.24%)
Total Ticket Income: $1,239,565
Other Income: $185,935
Total Income: $1,425,500
Sharks
5 vs 5 Forward
Center Left Wing Right Wing Time % Phy DF OF
1 Jason Spezza Mike Cammalleri Bobby Butler 40 1 2 2
2 T.J. Hensick Milan Michalek Martins Karsums 30 1 2 2
3 Luke Adam Oskar Osala Stefan Ruzicka 20 1 2 2
4 Jason Spezza Zach Boychuk Jiri Tlusty 10 1 2 2
5 vs 5 Defense
Defense Defense Time % Phy DF OF
1 Drew Doughty Ben Lovejoy 40 1 2 2
2 Andrej Sekera David Rundblad 30 1 2 2
3 Adam Larsson Matt Corrente 20 1 2 2
4 Alec Martinez Drew Doughty 10 1 2 2
PowerPlay Forward
Center Left Wing Right Wing Time % Phy DF OF
1 Jason Spezza Mike Cammalleri Bobby Butler 60 1 2 2
2 Luke Adam Milan Michalek Martins Karsums 40 1 2 2
PowerPlay Defense
Defense Defense Time % Phy DF OF
1 Drew Doughty Ben Lovejoy 60 1 2 2
2 Andrej Sekera Matt Corrente 40 1 2 2
Penalty Kill 4 Players Forward
Center Wing Time % Phy DF OF
1 Jason Spezza Mike Cammalleri 60 1 4 0
2 T.J. Hensick Milan Michalek 40 1 4 0
Penalty Kill 4 Players Defense
Defense Defense Time % Phy DF OF
1 Drew Doughty Ben Lovejoy 60 1 4 0
2 Andrej Sekera Adam Larsson 40 1 4 0
Penalty Kill - 3 Players Forward
Forward Time % Phy DF OF
1 Jason Spezza 60 1 4 0
2 T.J. Hensick 40 1 4 0
Penalty Kill - 3 Players Defense
Defense Defense Time % Phy DF OF
1 Drew Doughty Ben Lovejoy 60 1 4 0
2 Andrej Sekera Adam Larsson 40 1 4 0
4 vs 4 Forward
Center Wing Time % Phy DF OF
1 Jason Spezza Mike Cammalleri 60 1 2 2
2 T.J. Hensick Milan Michalek 40 1 2 2
4 vs 4 Defense
Defense Defense Time % Phy DF OF
1 Drew Doughty Ben Lovejoy 60 1 2 2
2 Andrej Sekera Alec Martinez 40 1 2 2
Last Minutes Offensive
Center Left Wing Right Wing Defense Defense
Jason Spezza Mike Cammalleri Bobby Butler Drew Doughty Ben Lovejoy
Last Minutes Defensive
Center Left Wing Right Wing Defense Defense
Jason Spezza Milan Michalek T.J. Hensick Drew Doughty Andrej Sekera
Goaltenders
Starting : Ryan Miller
Backup : Anders Nilsson
Extra Forwards
Normal : Oskar Osala, Zach Boychuk, Stefan Ruzicka - PP : Oskar Osala, Zach Boychuk - PK : Stefan Ruzicka
Extra Defensemen
Normal : David Rundblad, Matt Corrente, Alec Martinez - PP : David Rundblad - PK : Matt Corrente, Alec Martinez
Penalty Shots
Jason Spezza, Mike Cammalleri, Milan Michalek, Luke Adam, Oskar Osala
Scratches
Brandon Dubinsky (Strained Right Knee Injury), Nikolai Kulemin (Healthy)
Stars
5 vs 5 Forward
Center Left Wing Right Wing Time % Phy DF OF
1 John Tavares Guillaume Latendresse Michael Grabner 40 1 2 2
2 Antoine Vermette Jussi Jokinen Alex Chiasson 30 1 2 2
3 Cory Emmerton Alexander Frolov B.J. Crombeen 20 1 2 2
4 Evgeny Grachev Ted Purcell Cam Atkinson 10 1 2 2
5 vs 5 Defense
Defense Defense Time % Phy DF OF
1 Ian White Brian Lee 40 1 2 2
2 Boris Valabik Johnny Oduya 30 1 2 2
3 Niklas Hjalmarsson Andrej Sustr 20 1 2 2
4 Ian White Brian Lee 10 1 2 2
PowerPlay Forward
Center Left Wing Right Wing Time % Phy DF OF
1 John Tavares Guillaume Latendresse Michael Grabner 60 0 2 3
2 Antoine Vermette Jussi Jokinen Alex Chiasson 40 0 2 3
PowerPlay Defense
Defense Defense Time % Phy DF OF
1 Ian White Brian Lee 60 0 2 3
2 Boris Valabik Johnny Oduya 40 0 2 3
Penalty Kill 4 Players Forward
Center Wing Time % Phy DF OF
1 John Tavares Guillaume Latendresse 60 0 3 2
2 Jussi Jokinen Antoine Vermette 40 0 3 2
Penalty Kill 4 Players Defense
Defense Defense Time % Phy DF OF
1 Ian White Brian Lee 60 0 3 2
2 Boris Valabik Johnny Oduya 40 0 3 2
Penalty Kill - 3 Players Forward
Forward Time % Phy DF OF
1 John Tavares 60 0 3 2
2 Guillaume Latendresse 40 0 3 2
Penalty Kill - 3 Players Defense
Defense Defense Time % Phy DF OF
1 Ian White Brian Lee 60 0 3 2
2 Boris Valabik Johnny Oduya 40 0 3 2
4 vs 4 Forward
Center Wing Time % Phy DF OF
1 John Tavares Guillaume Latendresse 60 1 2 2
2 Jussi Jokinen Antoine Vermette 40 1 2 2
4 vs 4 Defense
Defense Defense Time % Phy DF OF
1 Ian White Brian Lee 60 1 2 2
2 Boris Valabik Johnny Oduya 40 1 2 2
Last Minutes Offensive
Center Left Wing Right Wing Defense Defense
John Tavares Guillaume Latendresse Michael Grabner Ian White Brian Lee
Last Minutes Defensive
Center Left Wing Right Wing Defense Defense
John Tavares Guillaume Latendresse Michael Grabner Ian White Brian Lee
Goaltenders
Starting : Cory Schneider
Backup : Brian Elliott
Extra Forwards
Normal : Alexander Frolov, Ted Purcell, Cory Emmerton - PP : Alexander Frolov, Ted Purcell - PK : Cory Emmerton
Extra Defensemen
Normal : Niklas Hjalmarsson, Andrej Sustr, Boris Valabik - PP : Niklas Hjalmarsson - PK : Andrej Sustr, Boris Valabik
Penalty Shots
John Tavares, Guillaume Latendresse, Jussi Jokinen, Antoine Vermette, Alexander Frolov
Scratches
Shawn Matthias (Healthy)
% Time on Ice - Sharks
Lines # - Real PCT - Wanted PCT - Time Play
Normal Forward
1 - 35% - 40% - 15:46
2 - 28% - 30% - 12:21
3 - 24% - 20% - 10:57
4 - 13% - 10% - 5:40
Normal Defense
1 - 35% - 40% - 15:50
2 - 32% - 30% - 14:06
3 - 23% - 20% - 10:20
4 - 10% - 10% - 4:28
PP Forward
1 - 53% - 60% - 2:07
2 - 47% - 40% - 1:54
PP Defense
1 - 49% - 60% - 1:58
2 - 51% - 40% - 2:03
PK Forward
1 - 72% - 60% - 6:43
2 - 28% - 40% - 2:36
PK Defense
1 - 59% - 60% - 5:28
2 - 41% - 40% - 3:51
PK3 Forward
1 - 0% - 60%
2 - 0% - 40%
PK3 Defense
1 - 0% - 60%
2 - 0% - 40%
44 Forward
1 - 78% - 60% - 5:26
2 - 22% - 40% - 1:30
44 Defense
1 - 56% - 60% - 3:52
2 - 44% - 40% - 3:04
Last Minute Offensive - 0:00
Last Minute Defensive - 0:00
Total
Forward - 65:00
Defense - 65:00
|
% Time on Ice - Stars
Lines # - Real PCT - Wanted PCT - Time Play
Normal Forward
1 - 33% - 40% - 14:45
2 - 25% - 30% - 11:10
3 - 25% - 20% - 11:04
4 - 17% - 10% - 7:45
Normal Defense
1 - 43% - 40% - 19:02
2 - 31% - 30% - 13:50
3 - 22% - 20% - 9:59
4 - 4% - 10% - 1:53
PP Forward
1 - 60% - 60% - 5:33
2 - 40% - 40% - 3:46
PP Defense
1 - 62% - 60% - 5:47
2 - 38% - 40% - 3:32
PK Forward
1 - 69% - 60% - 2:47
2 - 31% - 40% - 1:14
PK Defense
1 - 66% - 60% - 2:39
2 - 34% - 40% - 1:22
PK3 Forward
1 - 81% - 60% - 1:36
2 - 19% - 40% - 0:23
PK3 Defense
1 - 84% - 60% - 1:40
2 - 16% - 40% - 0:19
44 Forward
1 - 87% - 60% - 4:19
2 - 13% - 40% - 0:38
44 Defense
1 - 75% - 60% - 3:44
2 - 25% - 40% - 1:13
Last Minute Offensive - 0:00
Last Minute Defensive - 0:00
Total
Forward - 65:00
Defense - 65:00
|
Play-by-Play
1st period
0:01 of 1st period - John Tavares wins face-off versus Jason Spezza in neutral zone.
0:11 of 1st period - Off-side.
0:12 of 1st period - Antoine Vermette wins face-off versus T.J. Hensick in neutral zone.
0:14 of 1st period - Off-side.
0:15 of 1st period - T.J. Hensick wins face-off versus Antoine Vermette in neutral zone.
0:24 of 1st period - Wrist shot by Milan Michalek.
0:24 of 1st period - Deflect By Martins Karsums.
0:24 of 1st period - Stopped by Cory Schneider with a rebound.
0:26 of 1st period - Snap shot by T.J. Hensick.
0:26 of 1st period - Shot Blocked by Boris Valabik.
1:30 of 1st period - Snap shot by Alexander Frolov.
1:30 of 1st period - Shot Blocked by Andrej Sekera.
1:32 of 1st period - Backhand shot by Niklas Hjalmarsson.
1:32 of 1st period - Shot Misses the Net.
1:34 of 1st period - Slapshot by B.J. Crombeen.
1:34 of 1st period - Stopped by Ryan Miller without a rebound.
1:35 of 1st period - Jason Spezza wins face-off versus Antoine Vermette in Sharks zone.
1:35 of 1st period - Jason Spezza is hit by Antoine Vermette.
1:41 of 1st period - Snap shot by Jason Spezza.
1:41 of 1st period - Stopped by Cory Schneider without a rebound.
1:42 of 1st period - Jason Spezza wins face-off versus Antoine Vermette in Stars zone.
1:51 of 1st period - Slapshot by Jason Spezza.
1:51 of 1st period - Stopped by Cory Schneider with a rebound.
1:53 of 1st period - Snap shot by Zach Boychuk.
1:53 of 1st period - Shot Blocked by Ian White.
2:26 of 1st period - Icing by Drew Doughty.
2:27 of 1st period - Cory Emmerton wins face-off versus Luke Adam in Sharks zone.
2:48 of 1st period - Minor Penalty to Drew Doughty for Holding.
2:49 of 1st period - Jason Spezza wins face-off versus John Tavares in Sharks zone.
3:00 of 1st period - Wrist shot by Mike Cammalleri.
3:00 of 1st period - Deflect By Jason Spezza.
3:00 of 1st period - Shot Blocked by Brian Lee.
3:00 of 1st period - Puck is out of play.
3:01 of 1st period - John Tavares wins face-off versus Jason Spezza in Stars zone.
3:35 of 1st period - Milan Michalek is hit by Jussi Jokinen and loses puck.
4:20 of 1st period - Jason Spezza is hit by Michael Grabner and loses puck.
4:48 of 1st period - Penalty to Drew Doughty is over, Drew Doughty is back on ice.
4:59 of 1st period - Alexander Frolov is hit by Luke Adam and loses puck.
5:09 of 1st period - Off-side.
5:10 of 1st period - Jason Spezza wins face-off versus Evgeny Grachev in neutral zone.
5:35 of 1st period - Snap shot by Cory Emmerton.
5:35 of 1st period - Stopped by Ryan Miller without a rebound.
5:36 of 1st period - Cory Emmerton wins face-off versus T.J. Hensick in Sharks zone.
6:47 of 1st period - Snap shot by B.J. Crombeen.
6:47 of 1st period - Stopped by Ryan Miller without a rebound.
6:48 of 1st period - Jason Spezza wins face-off versus John Tavares in Sharks zone.
6:57 of 1st period - Snap shot by Jason Spezza.
6:57 of 1st period - Stopped by Cory Schneider with a rebound.
6:59 of 1st period - Slapshot by Mike Cammalleri.
6:59 of 1st period - Stopped by Cory Schneider without a rebound.
7:00 of 1st period - Jason Spezza wins face-off versus John Tavares in Stars zone.
7:01 of 1st period - Snap shot by Mike Cammalleri.
7:01 of 1st period - Stopped by Cory Schneider with a rebound.
8:17 of 1st period - Snap shot by John Tavares.
8:17 of 1st period - Shot Misses the Net.
8:50 of 1st period - Minor Penalty to Alexander Frolov for Interference.
8:51 of 1st period - Jason Spezza wins face-off versus John Tavares in Stars zone.
9:53 of 1st period - Bobby Butler is hit by Jussi Jokinen and loses puck.
10:49 of 1st period - Milan Michalek is hit by John Tavares and loses puck.
10:50 of 1st period - Penalty to Alexander Frolov is over, Alexander Frolov is back on ice.
11:41 of 1st period - Snap shot by Alex Chiasson.
11:41 of 1st period - Stopped by Ryan Miller with a rebound.
11:45 of 1st period - Slapshot by Jussi Jokinen.
11:45 of 1st period - Shot Blocked by David Rundblad.
11:47 of 1st period - Slapshot by Boris Valabik.
11:47 of 1st period - Shot Blocked by Mike Cammalleri.
11:49 of 1st period - Slapshot by Johnny Oduya.
11:49 of 1st period - Stopped by Ryan Miller without a rebound.
11:50 of 1st period - Jason Spezza wins face-off versus Cory Emmerton in Sharks zone.
11:52 of 1st period - Minor Penalty to Matt Corrente for Interference.
11:53 of 1st period - John Tavares wins face-off versus Jason Spezza in Sharks zone.
12:03 of 1st period - Backhand shot by John Tavares.
12:03 of 1st period - Shot Blocked by Jason Spezza.
12:05 of 1st period - Snap shot by John Tavares.
12:05 of 1st period - Shot Blocked by Adam Larsson.
12:07 of 1st period - Slapshot by Ian White.
12:07 of 1st period - Shot Misses the Net.
12:09 of 1st period - Snap shot by Brian Lee.
12:09 of 1st period - Goal by Brian Lee - Sharks : 0 - Stars : 1.
12:10 of 1st period - Guillaume Latendresse wins face-off versus Jason Spezza in neutral zone.
12:27 of 1st period - Wrist shot by John Tavares.
12:27 of 1st period - Shot Blocked by Bobby Butler.
12:33 of 1st period - Michael Grabner is hit by Jason Spezza and loses puck.
12:48 of 1st period - Backhand shot by Jason Spezza.
12:48 of 1st period - Shot Misses the Net.
13:00 of 1st period - Slapshot by Brian Lee.
13:00 of 1st period - Shot Blocked by Drew Doughty.
13:03 of 1st period - Icing by Ben Lovejoy.
13:04 of 1st period - Antoine Vermette wins face-off versus Jason Spezza in Sharks zone.
13:05 of 1st period - Snap shot by Jussi Jokinen.
13:05 of 1st period - Stopped by Ryan Miller with a rebound.
13:07 of 1st period - Snap shot by Antoine Vermette.
13:07 of 1st period - Shot Misses the Net.
13:09 of 1st period - Slapshot by Jussi Jokinen.
13:09 of 1st period - Shot Blocked by Mike Cammalleri.
13:11 of 1st period - Snap shot by Antoine Vermette.
13:11 of 1st period - Shot Misses the Net.
13:24 of 1st period - Off-side.
13:25 of 1st period - Cory Emmerton wins face-off versus T.J. Hensick in neutral zone.
13:38 of 1st period - Snap shot by Martins Karsums.
13:38 of 1st period - Stopped by Cory Schneider with a rebound.
13:40 of 1st period - Snap shot by Martins Karsums.
13:40 of 1st period - Stopped by Cory Schneider with a rebound.
13:50 of 1st period - Cory Emmerton is hit by Luke Adam and loses puck.
14:04 of 1st period - Icing by Milan Michalek.
14:05 of 1st period - Milan Michalek wins face-off versus John Tavares in Sharks zone.
14:35 of 1st period - Slapshot by Brian Lee.
14:35 of 1st period - Deflect By Jussi Jokinen.
14:35 of 1st period - Stopped by Ryan Miller without a rebound.
14:36 of 1st period - Jason Spezza wins face-off versus Antoine Vermette in Sharks zone.
14:41 of 1st period - Jussi Jokinen is hit by Matt Corrente and loses puck.
14:52 of 1st period - Wrist shot by Mike Cammalleri.
14:52 of 1st period - Shot Blocked by Niklas Hjalmarsson.
15:12 of 1st period - Wrist shot by Drew Doughty.
15:12 of 1st period - Shot Blocked by Jussi Jokinen.
15:14 of 1st period - Slapshot by Ben Lovejoy.
15:14 of 1st period - Stopped by Cory Schneider without a rebound.
15:15 of 1st period - John Tavares wins face-off versus Jason Spezza in Stars zone.
15:33 of 1st period - Minor Penalty to Brian Lee for Interference.
15:34 of 1st period - Jason Spezza wins face-off versus John Tavares in Stars zone.
16:03 of 1st period - Snap shot by Drew Doughty.
16:03 of 1st period - Stopped by Cory Schneider without a rebound.
16:04 of 1st period - Jussi Jokinen wins face-off versus Luke Adam in Stars zone.
16:51 of 1st period - John Tavares is hit by Jason Spezza and loses puck.
17:33 of 1st period - Penalty to Brian Lee is over, Brian Lee is back on ice.
17:56 of 1st period - Minor Penalty to Zach Boychuk for Tripping.
17:57 of 1st period - John Tavares wins face-off versus Jason Spezza in Sharks zone.
18:02 of 1st period - Wrist shot by John Tavares.
18:02 of 1st period - Shot Hit the Post.
18:04 of 1st period - Wrist shot by Ian White.
18:04 of 1st period - Shot Blocked by Adam Larsson.
18:06 of 1st period - Snap shot by Michael Grabner.
18:06 of 1st period - Stopped by Ryan Miller with a rebound.
18:08 of 1st period - Snap shot by John Tavares.
18:08 of 1st period - Shot Misses the Net.
18:10 of 1st period - Snap shot by John Tavares.
18:10 of 1st period - Goal by John Tavares - Sharks : 0 - Stars : 2.
18:11 of 1st period - T.J. Hensick wins face-off versus John Tavares in neutral zone.
18:26 of 1st period - Wrist shot by John Tavares.
18:26 of 1st period - Shot Blocked by Drew Doughty.
18:40 of 1st period - Wrist shot by Mike Cammalleri.
18:40 of 1st period - Stopped by Cory Schneider with a rebound.
18:42 of 1st period - Wrist shot by Mike Cammalleri.
18:42 of 1st period - Stopped by Cory Schneider without a rebound.
18:43 of 1st period - Jason Spezza wins face-off versus Antoine Vermette in Stars zone.
19:06 of 1st period - Snap shot by Mike Cammalleri.
19:06 of 1st period - Stopped by Cory Schneider with a rebound.
19:08 of 1st period - Slapshot by Adam Larsson.
19:08 of 1st period - Stopped by Cory Schneider without a rebound.
19:09 of 1st period - T.J. Hensick wins face-off versus John Tavares in Stars zone.
19:12 of 1st period - Snap shot by Milan Michalek.
19:12 of 1st period - Shot Misses the Net.
19:14 of 1st period - Snap shot by Martins Karsums.
19:14 of 1st period - Goal by Martins Karsums - Sharks : 1 - Stars : 2.
19:15 of 1st period - John Tavares wins face-off versus Jason Spezza in neutral zone.
19:26 of 1st period - Snap shot by John Tavares.
19:26 of 1st period - Shot Misses the Net.
19:42 of 1st period - Ben Lovejoy is hit by Alexander Frolov and loses puck.
Goals for this period are 1 for Sharks vs 2 for Stars.
Shots for this period are 15 for Sharks vs 10 for Stars.
2nd period
0:01 of 2nd period - Jason Spezza wins face-off versus Guillaume Latendresse in neutral zone.
0:14 of 2nd period - Wrist shot by Guillaume Latendresse.
0:14 of 2nd period - Shot Misses the Net.
0:16 of 2nd period - Snap shot by Guillaume Latendresse.
0:16 of 2nd period - Shot Blocked by Andrej Sekera.
0:26 of 2nd period - Backhand shot by Cory Emmerton.
0:26 of 2nd period - Shot Blocked by Jason Spezza.
0:28 of 2nd period - Wrist shot by Alexander Frolov.
0:28 of 2nd period - Deflect By Bobby Butler.
0:28 of 2nd period - Stopped by Ryan Miller without a rebound.
0:29 of 2nd period - Cory Emmerton wins face-off versus T.J. Hensick in Sharks zone.
0:32 of 2nd period - Wrist shot by B.J. Crombeen.
0:32 of 2nd period - Deflect By Martins Karsums.
0:32 of 2nd period - Stopped by Ryan Miller without a rebound.
0:33 of 2nd period - Milan Michalek wins face-off versus Cory Emmerton in Sharks zone.
0:35 of 2nd period - Minor Penalty to Matt Corrente for Hooking.
0:36 of 2nd period - Jason Spezza wins face-off versus John Tavares in Sharks zone.
0:50 of 2nd period - Wrist shot by John Tavares.
0:50 of 2nd period - Shot Blocked by Drew Doughty.
0:52 of 2nd period - Slapshot by Michael Grabner.
0:52 of 2nd period - Stopped by Ryan Miller with a rebound.
2:25 of 2nd period - Antoine Vermette is hit by T.J. Hensick and loses puck.
2:34 of 2nd period - Snap shot by Oskar Osala.
2:34 of 2nd period - Shot Misses the Net.
2:35 of 2nd period - Penalty to Matt Corrente is over, Matt Corrente is back on ice.
3:05 of 2nd period - Cam Atkinson is hit by T.J. Hensick and loses puck.
5:23 of 2nd period - Drew Doughty is hit by Cam Atkinson and loses puck.
5:34 of 2nd period - Cory Emmerton is hit by T.J. Hensick and loses puck.
5:46 of 2nd period - Penalty Shot by Johnny Oduya for Stars.
5:46 of 2nd period - Snap shot by Johnny Oduya.
5:46 of 2nd period - Stopped by Ryan Miller.
5:47 of 2nd period - Jason Spezza wins face-off versus John Tavares in Stars zone.
6:14 of 2nd period - Stefan Ruzicka is hit by Alex Chiasson and loses puck.
6:35 of 2nd period - Slapshot by Andrej Sekera.
6:35 of 2nd period - Shot Misses the Net.
6:43 of 2nd period - Snap shot by Martins Karsums.
6:43 of 2nd period - Stopped by Cory Schneider with a rebound.
7:12 of 2nd period - Minor Penalty to Stefan Ruzicka for Interference.
7:13 of 2nd period - John Tavares wins face-off versus Jason Spezza in Sharks zone.
7:14 of 2nd period - Slapshot by Brian Lee.
7:14 of 2nd period - Deflect By Drew Doughty.
7:14 of 2nd period - Stopped by Ryan Miller without a rebound.
7:15 of 2nd period - Jason Spezza wins face-off versus John Tavares in Sharks zone.
9:12 of 2nd period - Penalty to Stefan Ruzicka is over, Stefan Ruzicka is back on ice.
9:26 of 2nd period - Alexander Frolov is hit by David Rundblad and loses puck.
9:43 of 2nd period - Boris Valabik is hit by Jason Spezza and loses puck.
10:02 of 2nd period - Slapshot by Martins Karsums.
10:02 of 2nd period - Shot Blocked by Andrej Sustr.
10:47 of 2nd period - Snap shot by Zach Boychuk.
10:47 of 2nd period - Shot Misses the Net.
10:54 of 2nd period - Icing by Ian White.
10:55 of 2nd period - Jason Spezza wins face-off versus Cory Emmerton in Stars zone.
10:59 of 2nd period - Icing by Ian White.
11:00 of 2nd period - Jason Spezza wins face-off versus Cory Emmerton in Stars zone.
11:36 of 2nd period - Snap shot by Cory Emmerton.
11:36 of 2nd period - Shot Misses the Net.
11:38 of 2nd period - Wrist shot by Alexander Frolov.
11:38 of 2nd period - Stopped by Ryan Miller with a rebound.
11:50 of 2nd period - Snap shot by Alexander Frolov.
11:50 of 2nd period - Shot Misses the Net.
11:52 of 2nd period - Wrist shot by B.J. Crombeen.
11:52 of 2nd period - Stopped by Ryan Miller with a rebound.
11:54 of 2nd period - Wrist shot by B.J. Crombeen.
11:54 of 2nd period - Stopped by Ryan Miller with a rebound.
12:16 of 2nd period - Wrist shot by Cory Emmerton.
12:16 of 2nd period - Stopped by Ryan Miller without a rebound.
12:17 of 2nd period - John Tavares wins face-off versus T.J. Hensick in Sharks zone.
12:46 of 2nd period - Oskar Osala is hit by Jussi Jokinen and loses puck.
12:57 of 2nd period - Snap shot by Alex Chiasson.
12:57 of 2nd period - Shot Misses the Net.
15:00 of 2nd period - Drew Doughty is hit by Alexander Frolov.
15:47 of 2nd period - Slapshot by Johnny Oduya.
15:47 of 2nd period - Shot Blocked by Martins Karsums.
15:53 of 2nd period - Jussi Jokinen is hit by Andrej Sekera and loses puck.
16:37 of 2nd period - Stefan Ruzicka is hit by Jussi Jokinen and loses puck.
17:40 of 2nd period - Brian Lee is hit by Ben Lovejoy and loses puck.
17:56 of 2nd period - John Tavares is hit by Martins Karsums and loses puck.
18:38 of 2nd period - Off-side.
18:39 of 2nd period - Antoine Vermette wins face-off versus Luke Adam in neutral zone.
18:42 of 2nd period - Oskar Osala is hit by Antoine Vermette and loses puck.
19:11 of 2nd period - Wrist shot by Andrej Sekera.
19:11 of 2nd period - Stopped by Cory Schneider without a rebound.
19:12 of 2nd period - Jason Spezza wins face-off versus John Tavares in Stars zone.
19:15 of 2nd period - Snap shot by Jason Spezza.
19:15 of 2nd period - Stopped by Cory Schneider with a rebound.
19:17 of 2nd period - Snap shot by Bobby Butler.
19:17 of 2nd period - Shot Blocked by Ian White.
19:19 of 2nd period - Snap shot by Bobby Butler.
19:19 of 2nd period - Deflect By Jason Spezza.
19:19 of 2nd period - Stopped by Cory Schneider with a rebound.
19:21 of 2nd period - Slapshot by Matt Corrente.
19:21 of 2nd period - Shot Misses the Net.
19:23 of 2nd period - Snap shot by Jason Spezza.
19:23 of 2nd period - Stopped by Cory Schneider with a rebound.
19:49 of 2nd period - Slapshot by Martins Karsums.
19:49 of 2nd period - Stopped by Cory Schneider without a rebound.
19:50 of 2nd period - Antoine Vermette wins face-off versus T.J. Hensick in Stars zone.
19:58 of 2nd period - Minor Penalty to Ben Lovejoy for Roughing.
19:59 of 2nd period - Jason Spezza wins face-off versus John Tavares in Sharks zone.
19:59 of 2nd period - Jason Spezza is hit by John Tavares.
Goals for this period are 0 for Sharks vs 0 for Stars.
Shots for this period are 6 for Sharks vs 8 for Stars.
Goals for this period are 0 for Sharks vs 0 for Stars.
Shots for this period are 6 for Sharks vs 8 for Stars.
3rd period
0:01 of 3rd period - Jason Spezza wins face-off versus John Tavares in neutral zone.
0:08 of 3rd period - Jason Spezza is hit by Ian White and loses puck.
0:33 of 3rd period - Wrist shot by Brian Lee.
0:33 of 3rd period - Deflect By Jussi Jokinen.
0:33 of 3rd period - Shot Misses the Net.
0:33 of 3rd period - Puck is out of play.
0:34 of 3rd period - John Tavares wins face-off versus T.J. Hensick in Sharks zone.
0:45 of 3rd period - Snap shot by John Tavares.
0:45 of 3rd period - Stopped by Ryan Miller with a rebound.
0:47 of 3rd period - Wrist shot by Guillaume Latendresse.
0:47 of 3rd period - Goal by Guillaume Latendresse - Sharks : 1 - Stars : 3.
0:48 of 3rd period - Jason Spezza wins face-off versus John Tavares in neutral zone.
1:37 of 3rd period - Snap shot by Jason Spezza.
1:37 of 3rd period - Deflect By Johnny Oduya.
1:37 of 3rd period - Shot Misses the Net.
1:37 of 3rd period - Puck is out of play.
1:38 of 3rd period - T.J. Hensick wins face-off versus Antoine Vermette in Stars zone.
2:09 of 3rd period - Snap shot by Jussi Jokinen.
2:09 of 3rd period - Shot Blocked by Andrej Sekera.
2:17 of 3rd period - Snap shot by Antoine Vermette.
2:17 of 3rd period - Stopped by Ryan Miller without a rebound.
2:18 of 3rd period - John Tavares wins face-off versus T.J. Hensick in Sharks zone.
2:22 of 3rd period - Penalty Shot by T.J. Hensick for Sharks.
2:22 of 3rd period - Deke by T.J. Hensick.
2:22 of 3rd period - Goal by T.J. Hensick - Sharks : 2 - Stars : 3.
2:23 of 3rd period - John Tavares wins face-off versus Jason Spezza in neutral zone.
2:23 of 3rd period - Ian White is hit by Jason Spezza.
2:25 of 3rd period - John Tavares wins face-off versus Jason Spezza in Sharks zone.
2:41 of 3rd period - Slapshot by John Tavares.
2:41 of 3rd period - Shot Misses the Net.
2:47 of 3rd period - Minor Penalty to Bobby Butler for Interference.
2:48 of 3rd period - Jason Spezza wins face-off versus John Tavares in Sharks zone.
3:01 of 3rd period - Wrist shot by Jason Spezza.
3:01 of 3rd period - Goal by Jason Spezza - Sharks : 3 - Stars : 3.
3:02 of 3rd period - Jason Spezza wins face-off versus John Tavares in neutral zone.
3:52 of 3rd period - Snap shot by Guillaume Latendresse.
3:52 of 3rd period - Shot Misses the Net.
4:47 of 3rd period - Penalty to Bobby Butler is over, Bobby Butler is back on ice.
4:57 of 3rd period - Off-side.
4:58 of 3rd period - Luke Adam wins face-off versus Evgeny Grachev in neutral zone.
5:07 of 3rd period - Wrist shot by Stefan Ruzicka.
5:07 of 3rd period - Stopped by Cory Schneider without a rebound.
5:08 of 3rd period - Luke Adam wins face-off versus Antoine Vermette in Stars zone.
5:29 of 3rd period - Luke Adam is hit by Alex Chiasson and loses puck.
6:12 of 3rd period - Snap shot by Martins Karsums.
6:12 of 3rd period - Stopped by Cory Schneider without a rebound.
6:13 of 3rd period - T.J. Hensick wins face-off versus Cory Emmerton in Stars zone.
6:27 of 3rd period - Minor Penalty to T.J. Hensick for Tripping.
6:28 of 3rd period - John Tavares wins face-off versus Jason Spezza in Sharks zone.
6:30 of 3rd period - Minor Penalty to Guillaume Latendresse for High sticking.
6:31 of 3rd period - John Tavares wins face-off versus Jason Spezza in Stars zone.
6:39 of 3rd period - Slapshot by Drew Doughty.
6:39 of 3rd period - Shot Misses the Net.
8:10 of 3rd period - Wrist shot by Cory Emmerton.
8:10 of 3rd period - Deflect By Jussi Jokinen.
8:10 of 3rd period - Stopped by Ryan Miller with a rebound.
8:12 of 3rd period - Wrist shot by Jussi Jokinen.
8:12 of 3rd period - Deflect By Andrej Sekera.
8:12 of 3rd period - Shot Misses the Net.
8:12 of 3rd period - Puck is out of play.
8:13 of 3rd period - Cory Emmerton wins face-off versus Zach Boychuk in Sharks zone.
8:18 of 3rd period - Backhand shot by Cory Emmerton.
8:18 of 3rd period - Shot Misses the Net.
8:20 of 3rd period - Slapshot by Niklas Hjalmarsson.
8:20 of 3rd period - Stopped by Ryan Miller with a rebound.
8:27 of 3rd period - Penalty to T.J. Hensick is over, T.J. Hensick is back on ice.
8:30 of 3rd period - Penalty to Guillaume Latendresse is over, Guillaume Latendresse is back on ice.
10:35 of 3rd period - Snap shot by Alexander Frolov.
10:35 of 3rd period - Stopped by Ryan Miller without a rebound.
10:36 of 3rd period - Cory Emmerton wins face-off versus Jason Spezza in Sharks zone.
13:16 of 3rd period - T.J. Hensick is hit by Cam Atkinson and loses puck.
13:45 of 3rd period - Jason Spezza is hit by John Tavares and loses puck.
14:18 of 3rd period - Brian Lee is hit by David Rundblad and loses puck.
14:25 of 3rd period - Snap shot by Jiri Tlusty.
14:25 of 3rd period - Shot Misses the Net.
15:27 of 3rd period - Icing by Johnny Oduya.
15:28 of 3rd period - Ted Purcell wins face-off versus Zach Boychuk in Stars zone.
15:39 of 3rd period - Drew Doughty is hit by Guillaume Latendresse and loses puck.
17:17 of 3rd period - Wrist shot by Ian White.
17:17 of 3rd period - Shot Misses the Net.
17:51 of 3rd period - Wrist shot by Cory Emmerton.
17:51 of 3rd period - Shot Misses the Net.
17:53 of 3rd period - Wrist shot by B.J. Crombeen.
17:53 of 3rd period - Shot Blocked by Drew Doughty.
17:55 of 3rd period - Slapshot by Boris Valabik.
17:55 of 3rd period - Deflect By T.J. Hensick.
17:55 of 3rd period - Stopped by Ryan Miller with a rebound.
17:57 of 3rd period - Snap shot by Alexander Frolov.
17:57 of 3rd period - Stopped by Ryan Miller with a rebound.
17:59 of 3rd period - Slapshot by Alexander Frolov.
17:59 of 3rd period - Stopped by Ryan Miller without a rebound.
18:00 of 3rd period - Alex Chiasson wins face-off versus Luke Adam in Sharks zone.
18:26 of 3rd period - Alexander Frolov is hit by Adam Larsson and loses puck.
19:29 of 3rd period - Martins Karsums is hit by Cory Emmerton and loses puck.
Goals for this period are 2 for Sharks vs 1 for Stars.
Shots for this period are 3 for Sharks vs 9 for Stars.
Overtime #1
0:01 of 1st overtime period - John Tavares wins face-off versus Jason Spezza in neutral zone.
0:04 of 1st overtime period - Slapshot by Brian Lee.
0:04 of 1st overtime period - Stopped by Ryan Miller without a rebound.
0:05 of 1st overtime period - Jason Spezza wins face-off versus John Tavares in Sharks zone.
0:26 of 1st overtime period - Minor Penalty to Brian Lee for Hooking.
0:27 of 1st overtime period - John Tavares wins face-off versus Jason Spezza in Stars zone.
1:34 of 1st overtime period - Andrej Sekera is hit by Guillaume Latendresse and loses puck.
2:15 of 1st overtime period - Slapshot by Drew Doughty.
2:15 of 1st overtime period - Shot Blocked by Johnny Oduya.
2:26 of 1st overtime period - Penalty to Brian Lee is over, Brian Lee is back on ice.
2:41 of 1st overtime period - Guillaume Latendresse is hit by Milan Michalek and loses puck.
4:27 of 1st overtime period - Oskar Osala is hit by Ian White and loses puck.
Goals for this period are 0 for Sharks vs 0 for Stars.
Shots for this period are 0 for Sharks vs 1 for Stars.
ShootOut
5:00 of 1st overtime period - Round #1.
5:00 of 1st overtime period - Sharks, Jason Spezza.
5:00 of 1st overtime period - Snap shot by Jason Spezza.
5:00 of 1st overtime period - Stopped by Cory Schneider.
5:00 of 1st overtime period - Stars, John Tavares.
5:00 of 1st overtime period - Backhand shot by John Tavares.
5:00 of 1st overtime period - Goal by John Tavares.
5:00 of 1st overtime period - Round #2.
5:00 of 1st overtime period - Sharks, Mike Cammalleri.
5:00 of 1st overtime period - Snap shot by Mike Cammalleri.
5:00 of 1st overtime period - Shot Misses the Net.
5:00 of 1st overtime period - Stars, Guillaume Latendresse.
5:00 of 1st overtime period - Backhand shot by Guillaume Latendresse.
5:00 of 1st overtime period - Goal by Guillaume Latendresse.
5:00 of 1st overtime period - Round #3.
Back to the Top